 Seeded DCSS version 0.31-a0-180-g519b7de00c (webtiles) character file.

Game seed: 18402847756181476443 (custom seed)

4659 innerfire43 the Skirmisher (level 10, -5/70 HPs)
             Began as a Demonspawn Monk on June 19, 2023.
             Slain by an orc warlord
             ... wielding a +3 battleaxe
              (17 damage)
             ... on level 2 of the Orcish Mines.
             The game lasted 00:14:42 (8003 turns).

innerfire43 the Skirmisher (Demonspawn Monk)        Turns: 8003, Time: 00:14:43

Health: -5/70      AC:  9    Str: 18    XL:     10   Next: 20%
Magic:  0/10       EV: 16    Int: 15    God:
Gold:   696        SH:  0    Dex: 34    Spells: 9/9 levels left

rFire   x . .        a - +7 scimitar of the Crawling Thing {protect, Dex+5}
rCold   + . .        q - +2 buckler
rNeg    . . .        t - +1 leather armour {Will+}
rPois   +            A - +0 helmet of the Gardener {Str+3 Int+2 Dex+3}
rElec   .            k - +0 cloak
rCorr   .            (gloves unavailable)
SInv    .            C - +2 pair of boots
Will    +....        f - amulet of guardian spirit
Stlth   +++          n - ring of poison resistance
HPRegen 0.31/turn    r - ring "Kasetru" {Ice Dex+7}
MPRegen 0.12/turn

%: guardian spirit
@: confused, ambrosia-drunk
A: thin skeletal structure 2, powered by death 1, demonic magic 1, demonic touch
3
a: no special abilities


You were on level 2 of the Orcish Mines.
You visited 2 branches of the dungeon, and saw 11 of its levels.

You collected 696 gold pieces.

Inventory:

Hand Weapons
 a - the +7 scimitar of the Crawling Thing (weapon) {protect, Dex+5}
   (You found it on level 7 of the Dungeon)

   Dex:       It affects your dexterity (+5).
 b - the +9 sling of Mandamus {drain, rF+ Will+}
   (You found it on level 5 of the Dungeon)

   rF:        It protects you from fire.
   Will:      It increases your willpower.
 m - a +3 scythe
 B - a +0 spear
Missiles
 y - 43 stones (quivered)
Armour
 d - an orb of light
 k - a +0 cloak (worn)
 q - a +2 buckler (worn)
 t - a +1 leather armour of willpower (worn)
 u - a +1 robe
 A - the +0 helmet of the Gardener (worn) {Str+3 Int+2 Dex+3}
   (You found it on level 5 of the Dungeon)

   Str:       It affects your strength (+3).
   Int:       It affects your intelligence (+2).
   Dex:       It affects your dexterity (+3).
 C - a +2 pair of boots (worn)
Jewellery
 f - an amulet of guardian spirit (around neck)
 n - a ring of poison resistance (left hand)
 r - the ring "Kasetru" (right hand) {Ice Dex+7}
   (You acquired it on level 4 of the Dungeon)

   [ring of ice]

   It enhances your ice magic.
   Dex:       It affects your dexterity (+7).
   rF:        It makes you vulnerable to fire.
   rC:        It protects you from cold.
 v - an amulet of the acrobat
 w - an amulet of the acrobat
 E - an amulet of regeneration
Scrolls
 h - 5 scrolls of teleportation
 i - 2 scrolls of amnesia
 j - 2 scrolls of poison
 x - 6 scrolls of identify
 z - 2 scrolls of enchant weapon
Potions
 e - 3 potions of curing
 g - a potion of invisibility {unknown}
 l - 2 potions of heal wounds {unknown}
 o - a potion of haste {unknown}
 p - a potion of attraction {unknown}
 s - 3 potions of might {unknown}
 F - a potion of degeneration {unknown}


   Skills:
 - Level 3.1 Fighting
 * Level 7.3 Long Blades
 - Level 6.9 Polearms
 + Level 9.0 Ranged Weapons
 - Level 4.1 Dodging
 - Level 1.2 Stealth


You had 9 spell levels left.
You didn't know any spells.
Your spell library contained the following spells:

 Spells                   Type           Power      Damage    Failure   Level
 Poisonous Vapours        Pois/Air       0%         N/A       54%         2
 Gell's Gravitas          Tloc           0%         N/A       77%         3
 Mephitic Cloud           Conj/Pois/Air  0%         N/A       77%         3
 Teleport Other           Tloc           0%         N/A       77%         3
 Freezing Cloud           Conj/Ice/Air   0%         6-21      100%        5
 Dispersal                Tloc           0%         N/A       100%        6


Dungeon Overview and Level Annotations

Branches:
Dungeon (9/15)             Temple (0/1) D:5             Orc (2/2) D:9
   Lair: D:8-11         Elf: Orc:2

Altars:
Dithmenos
Hepliaklqana
Okawaru
Ru
Sif Muna
Trog
Vehumet
Wu Jian

Shops:
D:4 **(   D:7 (   D:8 (


Innate Abilities, Weirdness & Mutations

You have a moderately thin skeletal structure. (Dex +4, Stealth++)
You regenerate a little health from kills.
Spells you cast may paralyse adjacent enemies.
Your touch may irresistibly damage your foes and sap their willpower.


Message History

The orc warlord is engulfed in poison gas.
The orc warlord looks as sick as possible!
The orc warrior shoots a bolt.
The bolt closely misses you.
You shoot a sling bullet. The orc warrior shouts!
The sling bullet hits the orc warrior.
The orc warrior is almost dead.
You hear a howl!
The orc knight looks as sick as possible!
The orc priest begins to cast a cantrip, but forgets the words!
The orc priest hits you from afar with a +0 trident!
The orc warlord is engulfed in poison gas.
The orc warlord looks as sick as possible!
The orc warrior shoots a bolt.
The bolt hits you!
You are too injured to fight recklessly!
You are too injured to fight recklessly!
Unknown command.
You feel better.
The orc warrior looks more healthy.
The orc knight is engulfed in poison gas.
The orc knight looks as sick as possible!
You block the orc priest's attack.
The orc warlord is engulfed in poison gas.
The orc warlord looks as sick as possible!
The orc warlord hits you with a +3 battleaxe!!!
* * * LOW HITPOINT WARNING * * *
The orc warrior shoots a bolt.
The bolt closely misses you.
You hear a shout!
You feel agile.
The +7 scimitar of the Crawling Thing {protect, Dex+5} hums with potential!
a - the +7 scimitar of the Crawling Thing (weapon)
{protect, Dex+5} You are too injured to fight recklessly!
You are confused.
You feel invigorated.
The orc knight is engulfed in poison gas.
The orc knight looks as sick as possible!
The orc knight barely misses you. The orc priest completely misses you.
The orc warlord is engulfed in poison gas.
The orc warlord looks as sick as possible!
The orc warlord hits you with a +3 battleaxe!!
You die...

##○o○#☼☼§○§°°☼§
☼§○o○§°○..§☼☼○§
☼ooo§§§§O☼o☼○°§
.○o○§○○.T§o○○°#§
##§§°☼o☼§oooo☼o○§
..§§o§§§☼ooo§§☼○○
..○§☼§§ooo§o§§§§{
..§☼○§§§☼@☼§○☼○§§
..§☼§§☼☼§°§☼§°○§§
..°☼§§§§°☼☼§§§§§☼
..☼§○○○.☼§○☼☼○§☼○
..§§§§○§§§§§§°§☼§
..§§○°§§☼°§§§☼§§§
..°§○§§§☼°§§§§§○§
..§§§§#☼§°§§☼§°○§
......#....#...


You could see an orc warlord (strong, extremely poisoned), an orc knight
(strong, extremely poisoned), a troll, 8 orc warriors, an ogre, 2 orc priests,
an orc wizard (strong) and 9 orcs.

Vanquished Creatures
  Pikel (D:8)
  Sigmund (D:2)
  4 yaks (D:8)
  4 orc warriors
  2 ice beasts (D:6)
  2 sky beasts
  An ogre (D:4)
  2 black bears
  3 centaurs
  3 kobold brigands
  2 bullfrogs
  4 scorpions
  5 wights (D:5)
  8 electric eels (D:7)
  A howler monkey (D:4)
  5 jellies
  2 hounds
  7 orc priests
  3 iguanas
  Terence (D:3)
  10 orc wizards
  5 sleepcaps
  7 adders
  2 white imps
  2 ufetubi (D:5)
  2 dart slugs
  17 orcs
  3 bats
  6 endoplasms
  2 giant cockroaches (D:1)
  4 goblins
  5 hobgoblins
  19 kobolds
  6 quokkas
  4 ball pythons
  2 frilled lizards (D:3)
  3 rats
  A spectral hobgoblin (D:6)
161 creatures vanquished.

Notes
Turn   | Place    | Note
-------+----------+-------------------------------------------
     0 | D:1      | innerfire43 the Demonspawn Monk began the quest for the
                  | Orb.
     0 | D:1      | Reached XP level 1. HP: 18/18 MP: 1/1
   113 | D:1      | Gained mutation: Spells you cast may paralyse adjacent
                  | enemies. [demonic ancestry]
   113 | D:1      | Reached XP level 2. HP: 21/24 MP: 2/2
   763 | D:2      | Noticed Sigmund
   930 | D:1      | Gained mutation: You have a somewhat thin skeletal
                  | structure. (Dex +2, Stealth+) [demonic ancestry]
   930 | D:1      | Reached XP level 3. HP: 16/29 MP: 3/3
   999 | D:2      | Killed Sigmund
  1000 | D:2      | Reached XP level 4. HP: 13/35 MP: 4/4
  1000 | D:2      | Gained mutation: Your touch may inflict minor irresistible
                  | damage on your foes. [demonic ancestry]
  1000 | D:2      | Reached XP level 5. HP: 15/41 MP: 5/5
  1988 | D:3      | Reached skill level 5 in Polearms
  2144 | D:3      | Found a radiant altar of Vehumet.
  2237 | D:3      | Reached skill level 1 in Stealth
  2349 | D:3      | Noticed Terence
  2372 | D:3      | Killed Terence
  2642 | D:4      | Gained mutation: You regenerate a little health from kills.
                  | [demonic ancestry]
  2642 | D:4      | Reached XP level 6. HP: 32/47 MP: 4/6
  2748 | D:4      | Found Adaejeh's General Store.
  2752 | D:4      | Found Vepayt's Specific Store.
  2900 | D:4      | HP: 2/47 [ogre/+0 giant club (19)]
  2902 | D:4      | Gained mutation: Your touch may inflict irresistible damage
                  | on your foes. [demonic ancestry]
  2902 | D:4      | Reached XP level 7. HP: 4/52 MP: 0/7
  3098 | D:4      | Found Ganoulub's Antique Weapon Emporium.
  3229 | D:4      | Identified a scroll of acquirement
  3229 | D:4      | Acquired the ring "Kasetru" {Ice Dex+7}
  3860 | D:5      | Entered Level 5 of the Dungeon
  3919 | D:5      | Identified the +9 sling of Mandamus {drain, rF+ Will+}
  3948 | D:5      | Found a staircase to the Ecumenical Temple.
  3965 | D:5      | Reached skill level 1 in Ranged Weapons
  3994 | D:5      | Reached skill level 2 in Ranged Weapons
  4182 | D:5      | Identified the +0 helmet of the Gardener {Str+3 Int+2
                  | Dex+3}
  4247 | D:5      | Reached skill level 3 in Ranged Weapons
  4268 | D:5      | Reached skill level 4 in Ranged Weapons
  4268 | D:5      | Gained mutation: Your touch may irresistibly damage your
                  | foes and sap their willpower. [demonic ancestry]
  4268 | D:5      | Reached XP level 8. HP: 44/58 MP: 8/8
  4317 | D:5      | Found a shimmering blue altar of Sif Muna.
  4571 | D:5      | Found a shadowy altar of Dithmenos.
  4577 | D:5      | Reached skill level 5 in Ranged Weapons
  5055 | D:6      | Reached skill level 6 in Ranged Weapons
  5114 | D:6      | Found a bloodstained altar of Trog.
  5269 | D:6      | Reached skill level 7 in Ranged Weapons
  5523 | D:6      | Found a hazy altar of Hepliaklqana.
  5711 | D:7      | Identified the +7 scimitar of the Crawling Thing {protect,
                  | Dex+5}
  5731 | D:7      | Found Vilabeugh's Antique Weapon Boutique.
  5825 | D:7      | Reached skill level 1 in Long Blades
  5926 | D:7      | Reached XP level 9. HP: 60/63 MP: 9/9
  6568 | D:7      | Found an iron altar of Okawaru.
  6806 | D:8      | Reached skill level 8 in Ranged Weapons
  6868 | D:8      | Found a sacrificial altar of Ru.
  6872 | D:8      | Noticed Pikel
  6891 | D:8      | Reached skill level 5 in Long Blades
  6907 | D:8      | Killed Pikel
  6985 | D:8      | Gained mutation: You have a moderately thin skeletal
                  | structure. (Dex +4, Stealth++) [demonic ancestry]
  6985 | D:8      | Reached XP level 10. HP: 67/70 MP: 8/10
  7143 | D:8      | Found Goitiz's Antique Weapon Shoppe.
  7567 | D:9      | Found an ornate altar of the Wu Jian Council.
  7658 | D:9      | Found a staircase to the Orcish Mines.
  7667 | Orc:1    | Entered Level 1 of the Orcish Mines
  7804 | Orc:1    | Reached skill level 9 in Ranged Weapons
  7839 | Orc:1    | Found a shimmering blue altar of Sif Muna.
  7989 | Orc:2    | Entered Level 2 of the Orcish Mines
  7992 | Orc:2    | Noticed an orc warlord
  7992 | Orc:2    | Noticed an orc knight
  8003 | Orc:2    | Slain by an orc warlord

Illustrated notes

Levels and vault maps discovered:
D:1:      dpeg_arrival_prison, layout_loops_ring
D:2:      minmay_general_purpose_star, layout_loops_ring, minmay_tiny_reverse_x,
          uniq_sigmund
D:3:      layout_basic, lemuel_crystal_altar, uniq_terence
D:4:      layout_basic, serial_shops, shop, nicolae_specific_store
D:5:      layout_basic, kennysheep_mini, mainiacjoe_overflow_six_doors_small,
          minmay_temple_entry_arrows
D:6:      layout_basic, nicolae_hepliaklqana_monster_ancestors,
          general_overflow_altar
D:7:      layout_rooms, serial_shops, nicolae_shop_hallway_plus,
          minmay_misc_feat_iff, chequers_big_river, david_defended_altar_orc
D:8:      layout_rooms, nicolae_ru_sacrificial_ziggurat, serial_shops,
          nicolae_shop_pleasant_corner_grove, minmay_misc_feat_alley,
          minmay_fountain_box, hangedman_decor_points, uniq_pikel
D:9:      layout_roguey, nzn_wu_jian_council_hall, nicolae_gozag_seed_capital,
          orc_0_dummy, nicolae_shop_i_like_big_books
Orc:1:    layout_caves, kennysheep_orc_sif_temple
Orc:2:    grunt_orc_tribal_feast, layout_caves, uniq_josephine

Skill      XL: |  1  2  3  4  5  6  7  8  9 10 |
---------------+-------------------------------+-----
Dodging        | 3 4 |  4.1
Polearms       | 3 4 5 6 |  6.9
Stealth        | 1 |  1.2
Ranged Weapons | 4 7 8 9 |  9.0
Long Blades    | 2 6 7 |  7.3
Fighting       | |  3.1

Action                     |  1- 3 |  4- 6 |  7- 9 | 10-12 || total
---------------------------+-------+-------+-------+-------++-------
  Melee: Spear             |    76 |    10 |       |       ||    86
         Halberd           |       |    95 |    41 |       ||   136
         Scimitar          |       |       |    48 |    67 ||   115
   Fire: Sling             |       |       |   185 |     6 ||   191
    Use: Scroll            |       |     8 |     4 |     2 ||    14
         Potion            |       |     1 |       |     2 ||     3
   Stab: Sleeping          |     1 |     6 |     5 |     3 ||    15
 Armour: Robe              |     8 |    18 |     2 |       ||    28
         Leather armour    |       |       |    29 |    30 ||    59
  Dodge: Dodged            |    53 |    63 |    96 |    70 ||   282
  Block: Buckler           |       |       |    32 |    33 ||    65

Table legend: (Time is in decaauts)
 A = Elapsed time spent in this place.
 B = Non-inter-level travel time spent in this place.
 C = Inter-level travel time spent in this place.
 D = Time resting spent in this place.
 E = Time spent auto-exploring this place.
 F = Levels seen in this place.
 G = Mean time per level.
                   A        B        C        D        E       F      G
               +--------+--------+--------+--------+--------+-----+--------+
         Total |   8095 |   7540 |    555 |      0 |   6161 |  11 |  735.9 |
       Dungeon |   7752 |   7236 |    516 |      0 |   5929 |   9 |  861.3 |
  Orcish Mines |    342 |    303 |     39 |      0 |    231 |   2 |  171.0 |
               +--------+--------+--------+--------+--------+-----+--------+

Top non-repeatable levels by time:
     D:4: 1267 daAuts
     D:7: 1172 daAuts
     D:2: 965 daAuts
     D:1: 948 daAuts
     D:6: 917 daAuts
     D:5: 887 daAuts
     D:3: 710 daAuts
     D:8: 672 daAuts
   Orc:1: 329 daAuts
     D:9: 211 daAuts
   Orc:2: 12 daAuts
